 Dungeon Crawl Stone Soup version 0.29-a0-813-g4a14ea37d6 (webtiles) character file.

Game seed: 5608125807621528720

250 gobodom the Digger (level 6, -12/37 HPs)
             Began as an Octopode Earth Elementalist on July 4, 2022.
             Shot with an arrow by a centaur (13 damage)
             ... on level 4 of the Dungeon.
             The game lasted 00:13:10 (3512 turns).

gobodom the Digger (Octopode Earth Elementalist)    Turns: 3512, Time: 00:13:11

Health: -12/37     AC:  1    Str:  9    XL:     6   Next: 13%
Magic:  9/11       EV: 13    Int: 17    God:
Gold:   307        SH:  0    Dex: 13    Spells: 5/12 levels left

rFire   . . .      SeeInvis .   v - +2 dagger (drain)
rCold   . . .      Faith    .   (no shield)
rNeg    . . .      Spirit   .   (helmet restricted)
rPois   .          Reflect  .   (no amulet)
rElec   .          Harm     .   (no ring)
rCorr   .          Rampage  .   (no ring)
Will    .....                   (no ring)
Stlth   +++.......              (no ring)
HPRegen 0.12/turn               (no ring)
MPRegen 0.12/turn               (no ring)
                                (no ring)
                                (no ring)

@: no status effects
A: almost no armour, amphibious, 8 rings, camouflage 1, gelatinous body 1,
(nimble swimmer 1), tentacles
a: no special abilities


You were on level 4 of the Dungeon.
You visited 1 branch of the dungeon, and saw 4 of its levels.

You collected 307 gold pieces.

Inventory:

Hand Weapons
 v - a +2 dagger of draining (weapon)
Missiles
 h - 4 atropa-tipped darts
 t - 2 boomerangs
Wands
 k - a wand of digging (7)
 o - a wand of iceblast (9)
Scrolls
 b - 2 scrolls of amnesia
 f - 2 scrolls of teleportation
 q - a scroll of vulnerability
Potions
 a - a potion of magic
 c - a potion of lignification {unknown}
 d - a potion of heal wounds
 e - a potion of curing {unknown}
 g - a potion of berserk rage {unknown}
 j - a potion of resistance {unknown}
 m - 2 potions of ambrosia {unknown}
 p - a potion of haste {unknown}
 u - a potion of might {unknown}


   Skills:
 + Level 0.5 Fighting
 + Level 0.4 Short Blades
 + Level 2.1 Dodging
 + Level 3.2 Stealth
 + Level 3.9 Spellcasting
 + Level 1.1 Conjurations
 + Level 1.2 Transmutations
 + Level 4.7 Earth Magic


You had 5 spell levels left.
You knew the following spells:

 Your Spells              Type           Power      Damage    Failure   Level
a - Sandblast             Erth           38%        2d10      2%          1
b - Passwall              Tmut/Erth      10%        N/A       7%          2
c - Stone Arrow           Conj/Erth      26%        3d8       14%         3
d - Magic Dart            Conj           28%        1d4       10%         1

Your spell library contained the following spells:

 Spells                   Type           Power      Damage    Failure   Level
 Call Imp                 Summ           3%         N/A       24%         2
 Mephitic Cloud           Conj/Pois/Air  4%         N/A       38%         3
 Petrify                  Tmut/Erth      13%        N/A       43%         4
 Metabolic Englaciation   Hex/Ice        1%         N/A       99%         5
 Statue Form              Tmut/Erth      8%         N/A       100%        6


Dungeon Overview and Level Annotations

Branches:
Dungeon (4/15)
 Temple: D:4-7

Altars:
Dithmenos
Hepliaklqana


Innate Abilities, Weirdness & Mutations

You cannot wear most types of armour.
You are amphibious.
You can wear up to eight rings at the same time.
Your skin changes colour to match your surroundings (Stealth+).
Your rubbery body absorbs attacks. (AC +1, EV +1)
((You are camouflaged when in or above water. (Stealth+)))
You have tentacles for arms and can constrict up to eight enemies at once.


Message History

HP restored.
You now have 290 gold pieces (gained 4).
Things that are here:
a +0 club; 4 stones You now have 307 gold pieces (gained 17).
Items here: ( )) [[ †. 2 centaurs come into view.
Found a manual of Shields.
The centaur shouts! x2
There are monsters nearby!
The blast of sand misses the centaur.
The centaur wields a +0 shortbow.
The centaur shoots an arrow.
The arrow hits you.
The centaur wields a +0 shortbow.
The centaur shoots an arrow.
The arrow hits you.
The centaur shoots an arrow.
The arrow hits you!
The centaur shoots an arrow.
The arrow barely misses you.
The centaur shoots an arrow.
The arrow closely misses you.
The centaur shoots an arrow.
The arrow barely misses you.
You are too injured to fight recklessly!
Casting: Sandblast (safe; 2% risk of failure)
Confirm with . or Enter, or press ? or * to list all spells.
Aiming: Sandblast (safe; 2% risk of failure)
Press: ? - help, Shift-Dir - straight line, f - centaur
Aim: a centaur, wielding a +0 shortbow (87% to hit)
The blast of sand hits the centaur!
The centaur is heavily wounded.
The centaur shoots an arrow.
The arrow barely misses you.
The centaur shoots an arrow.
The arrow misses you.
The centaur shoots an arrow.
The arrow barely misses you.
Casting: Sandblast (safe; 2% risk of failure)
Confirm with . or Enter, or press ? or * to list all spells.
Aiming: Sandblast (safe; 2% risk of failure)
Press: ? - help, Shift-Dir - straight line, f/p - centaur
Aim: a centaur, wielding a +0 shortbow (heavily wounded, 87% to hit)
The blast of sand hits the centaur!
You kill the centaur!
The centaur shoots an arrow.
The arrow hits you!
* * * LOW HITPOINT WARNING * * *
The centaur shoots an arrow.
The arrow closely misses you.
The centaur shoots an arrow.
The arrow hits you!
You die...

*,,,,,,,* #.#********,##
*,,,,,,,* #.# #######..#
*,,,,,,,** #.###.........
*,,,,,,,,* #.##.....###.#
*,,,,,,,,* #.##.....# *,*
*****,,,,##########)##.....##*,*
*,,,.+.........)........#*,,
*,,,........###.....)...#**,
**,,,..##.##@.##....)....###,
*,,,,,*#.,,##.##............,
*,,,,,#.,**,#)##..........##*
*,,,,....:...c.#..........# *
*,,,,.#.##cc#.............#**
*,,,,,**...##..#####'####...,
*,,,,,,##.#*...# #..,,*...,
*,,,,,,...,,.### ###*,*,..,
*,,,,,...***#* *,*,,,,


You could see a centaur.

Vanquished Creatures
  A centaur (D:4)
  A phantom (D:4)
  An orc priest (D:3)
  4 adders
  An ufetubus (D:3)
  A worm (D:3)
  5 dart slugs
  11 orcs
  7 ball pythons
  6 endoplasms
  2 giant cockroaches
  5 goblins
  3 hobgoblins
  3 jackals (D:3)
  3 quokkas
  7 bats
  7 frilled lizards
  8 kobolds
  8 rats
  A spectral orc (D:3)
85 creatures vanquished.

Notes
Turn   | Place    | Note
-------+----------+-------------------------------------------
     0 | D:1      | gobodom the Octopode Earth Elementalist began the quest for
                  | the Orb.
     0 | D:1      | Reached XP level 1. HP: 11/11 MP: 3/3
   405 | D:1      | Reached XP level 2. HP: 17/17 MP: 3/5
  1031 | D:2      | Reached XP level 3. HP: 21/21 MP: 4/6
  1445 | D:2      | Reached skill level 4 in Earth Magic
  1467 | D:2      | Learned a level 2 spell: Passwall
  1537 | D:2      | Reached XP level 4. HP: 20/27 MP: 2/7
  1858 | D:3      | Learned a level 3 spell: Stone Arrow
  2134 | D:3      | Reached XP level 5. HP: 31/31 MP: 5/9
  2218 | D:3      | Found a faded altar of an unknown god.
  2265 | D:3      | Learned a level 1 spell: Magic Dart
  2921 | D:3      | Found a hazy altar of Hepliaklqana.
  3191 | D:4      | Found a shadowy altar of Dithmenos.
  3335 | D:4      | Noticed a phantom
  3361 | D:4      | Killed a phantom
  3362 | D:4      | Reached skill level 1 in Conjurations
  3362 | D:4      | Reached XP level 6. HP: 25/37 MP: 3/11
  3512 | D:4      | HP: 1/37 [centaur/arrow (16)]
  3512 | D:4      | Shot with an arrow by a centaur

Illustrated notes

Levels and vault maps discovered:
D:1:      spicycebolla_arrival_risky_transporter, layout_loops_ring
D:2:      layout_rooms, fountainhead, minmay_statues_item,
          nicolae_figureground_pulse
D:3:      layout_loops_ring, nicolae_hepliaklqana_monster_ancestors,
          ebering_ecumenical_altar_box, st_stairs_13
D:4:      minmay_wonky_spiral, layout_basic, mainiacjoe_overflow_catwalk,
          eino_curves_03, minmay_manual_mares

Skill      XL: |  1  2  3  4  5 |
---------------+----------------+-----
Stealth        | 3 |  3.2
Earth Magic    | 4 |  4.7
Spellcasting   | 3 |  3.9
Conjurations   | 1 |  1.1
Fighting       | |  0.5
Short Blades   | |  0.4
Dodging        | |  2.1
Transmutations | |  1.2

Action                   |  1- 3 |  4- 6 || total
-------------------------+-------+-------++-------
Melee: Unarmed           |     6 |     3 ||     9
       Constrict         |     1 |     6 ||     7
       Tentacles         |       |     3 ||     3
       Dagger            |       |    13 ||    13
       Short sword       |       |     9 ||     9
 Cast: Sandblast         |    51 |    42 ||    93
       Passwall          |     1 |       ||     1
       Magic Dart        |       |    48 ||    48
Evoke: Wand              |       |     1 ||     1
  Use: Scroll            |       |     7 ||     7
       Potion            |       |     2 ||     2
Armor: Skin              |     3 |     6 ||     9
Dodge: Dodged            |    24 |    43 ||    67

Table legend: (Time is in decaauts)
 A = Elapsed time spent in this place.
 B = Non-inter-level travel time spent in this place.
 C = Inter-level travel time spent in this place.
 D = Time resting spent in this place.
 E = Time spent auto-exploring this place.
 F = Levels seen in this place.
 G = Mean time per level.
                   A        B        C        D        E       F      G
               +--------+--------+--------+--------+--------+-----+--------+
         Total |   3606 |   3480 |    126 |    155 |   2650 |   4 |  901.5 |
       Dungeon |   3606 |   3480 |    126 |    155 |   2650 |   4 |  901.5 |
               +--------+--------+--------+--------+--------+-----+--------+

Top non-repeatable levels by time:
     D:3: 1324 daAuts
     D:1: 1030 daAuts
     D:2: 894 daAuts
     D:4: 357 daAuts
